Map: Port Aleksander LE

Players

Future - Winner!

  • Race: Terran Terran
  • League: Grandmaster
  • Spawn Location: 5:00

SpeCial

  • Race: Terran Terran
  • Spawn Location: 11:00

Event: Cheeseadelphia 8

VOD

Have the link to the VOD?

Description

Time

  • Played on: Dec. 9, 2018, 5:12 p.m.
  • Length: 10:23

All games in this series

Show
View Real Time Build Order
Export as new Build Order

Future Terran - Winner!

Build Orders: 1/1/1, Liberator Opening 

Get SALT Encoding   

  12  0:00  SCV  
  13  0:12  SCV  
  14  0:18  Supply Depot  
  14  0:25  SCV  
  15  0:30  Refinery  
  15  0:39  SCV  
  16  0:47  Barracks  
  16  0:51  SCV  
  17  0:57  Refinery  
  17  1:03  SCV  
  18  1:15  SCV  
  20  1:34  Factory  
  20  1:36  Barracks Reactor  
  19  1:41  Orbital Command  
  19  1:54  Supply Depot  
  20  2:13  Reaper x2  
  22  2:19  Starport  
  22  2:22  Hellion  
  23  2:25  SCV  
  24  2:34  Supply Depot  
  24  2:45  Reaper x2  
  24  2:46  Hellion  
  28  3:00  Medivac  
  30  3:07  Hellion  
  32  3:12  Supply Depot  
  32  3:17  Reaper x2  
  33  3:21  Liberator  
  33  3:22  SCV  
  34  3:29  Hellion  
  37  3:42  SCV  
  38  3:51  Hellion  
  38  3:54  SCV  
  41  4:02  Supply Depot  
  41  4:06  SCV  
  37  4:12  Reaper x2  
  37  4:13  Liberator  
  36  4:18  SCV  
  33  4:25  Hellion  
  34  4:44  Reaper x2  
  36  4:46  Hellion  
  38  5:02  Command Center  
  33  5:14  Hellion  
  33  5:18  Reaper  
  35  5:23  Viking  
  37  5:32  Engineering Bay  
  34  5:36  Factory Tech Lab  
  34  5:41  SCV  
  34  5:56  Cyclone  
  35  5:58  Marine x2  
  34  6:05  Missile Turret  
  34  6:08  SCV  
  33  6:17  Orbital Command  
  30  6:30  SCV  
  31  6:42  SCV  
  31  6:44  Raven  
  32  6:47  SCV  
  32  6:54  Factory Tech Lab, SCV  
  35  7:01  SCV  
  35  7:06  Marine  
  35  7:07  Marine  
  34  7:08  SCV  
  34  7:13  SCV, Siege Tank  
  38  7:16  Liberator  
  38  7:20  SCV  
  39  7:25  SCV  
  39  7:28  Marine  
  39  7:29  Marine  
  42  7:32  SCV  
  46  7:37  SCV  
  45  7:44  SCV  
  45  7:46  Marine x2  
  45  7:49  SCV  
  48  7:57  Siege Tank  
  47  8:02  SCV  
  47  8:03  SCV  
  47  8:04  Marine x2  
  48  8:11  Supply Depot, Bunker  
  45  8:14  SCV  
  45  8:15  SCV  
  45  8:16  Viking  
  49  8:22  Supply Depot, Marine  
  49  8:23  Marine  
  51  8:33  Siege Tank  
  54  8:35  SCV x2  
  56  8:46  Barracks  
  56  8:47  Barracks, SCV x2  
  58  8:59  Marine, SCV x2  
  58  9:01  Marine  
  56  9:06  Siege Tank  
  59  9:11  SCV x2  
  59  9:16  Refinery  
  59  9:17  Marine  
  61  9:18  Refinery  
  61  9:19  Marine  
  62  9:29  Barracks  
  62  9:31  Barracks  
  60  9:35  Barracks Tech Lab x2, SCV  
  60  9:36  SCV  
  60  9:38  Siege Tank  
  63  9:45  Marine x2  
  65  9:51  Engineering Bay  
  65  9:52  Marine  
  65  9:53  Marine  
  65  9:54  Engineering Bay, SCV  
  68  10:03  Marine  
Show
View Real Time Build Order
Export as new Build Order

SpeCial Terran 

Build Orders: Reaper Expand 

Get SALT Encoding   

  12  0:00  SCV  
  13  0:12  SCV  
  14  0:18  Supply Depot  
  14  0:25  SCV  
  15  0:39  SCV  
  15  0:41  Barracks  
  16  0:46  Refinery  
  16  0:51  SCV  
  17  1:03  SCV  
  18  1:15  SCV  
  19  1:29  Reaper, Orbital Command  
  20  1:44  Command Center  
  20  1:54  Supply Depot  
  20  1:55  SCV  
  21  2:01  Marine  
  21  2:08  SCV  
  23  2:13  Factory  
  23  2:19  Refinery  
  23  2:20  SCV  
  24  2:23  Barracks Reactor  
  24  2:32  SCV  
  26  2:44  SCV  
  26  2:56  SCV  
  26  2:57  Hellion, Starport  
  29  2:59  Marine, Orbital Command  
  29  3:00  Marine  
  31  3:08  SCV  
  32  3:17  Marine x2  
  34  3:20  Factory Tech Lab, SCV  
  34  3:25  SCV  
  36  3:32  SCV  
  35  3:35  Marine x2  
  35  3:37  SCV  
  35  3:40  Cyclone  
  34  3:53  Marine x2  
  14  4:11  Marine  
  11  4:20  SCV  
  12  4:32  Banshee  
  12  4:38  SCV  
  16  4:40  SCV  
  17  4:46  Marine  
  17  4:50  Marine  
  19  4:54  SCV  
  19  4:56  SCV  
  21  5:10  SCV  
  15  5:23  Marine  
  13  5:39  SCV  
  13  5:40  SCV  
  14  5:46  Marine  
  15  5:54  SCV x2  
  17  6:02  Marine  
  17  6:04  Marine  
  18  6:06  SCV  
  20  6:13  SCV  
  21  6:23  Cyclone  
  21  6:28  Marine x2  
  21  6:32  SCV  
  24  6:36  Orbital Command  
  25  6:44  SCV  
  25  6:46  Marine  
  26  6:48  Medivac  
  28  6:54  Marine  
  29  7:08  SCV x2  
  31  7:18  Siege Tank  
  34  7:25  Marine  
  35  7:32  Marine  
  35  7:35  SCV  
  37  7:40  SCV  
  38  7:48  SCV  
  39  7:52  SCV  
  39  7:56  Marine x2  
  42  8:04  SCV x2  
  44  8:14  Marine x2  
  44  8:17  Supply Depot  
  46  8:20  Supply Depot  
  46  8:34  SCV  
  46  8:35  Marine  
  46  8:38  Marine  
  47  8:51  Viking  
  47  8:54  Marine  
  34  9:03  SCV x2  
  35  9:11  Marine  
  35  9:12  Marine  
  35  9:13  Orbital Command  
  35  9:15  SCV  
  37  9:24  Siege Tank  
  37  9:27  SCV  
  41  9:39  SCV x2  
  43  9:47  Marine  
  43  9:51  SCV x2  
  43  9:52  Viking  
  50  10:03  SCV x2  
Tags
 
Add a new tag
Caveats
  • Supply blocks, unpowered buildings, or Contaminate may cause inaccurate times.
  • Supply counts are checked every 10 seconds.